 Dungeon Crawl Stone Soup version 0.28.0 (webtiles) character file.

Game seed: 8307488166268836809

5155 mcwallace the Firebug (level 10, 0/53 HPs)
             Began as a Vine Stalker Fire Elementalist on Feb 18, 2022.
             Was a Follower of Vehumet.
             Slain by a freezing wraith (5 damage)
             ... on level 9 of the Dungeon.
             The game lasted 00:27:07 (8515 turns).

mcwallace the Firebug (VSFE)                        Turns: 8515, Time: 00:27:07

Health: 0/53       AC:  9    Str: 11    XL:     10   Next: 59%
Magic:  0/39       EV: 14    Int: 19    God:    Vehumet [*.....]
Gold:   597        SH:  0    Dex: 15    Spells: 19/22 levels left

rFire   + . .      SeeInvis .   X - +9 war axe of Eternal War {vorpal, rF+, axe}
rCold   + . .      Faith    .   W - orb {light}
rNeg    + . .      Spirit   +   R - +1 leather armour of Zollazyo {rElec rC+}
rPois   .          Reflect  .   I - +0 helmet of Fuup {Contam rN+ rCorr}
rElec   +          Harm     .   (no cloak)
rCorr   +          Rampage  .   w - +1 pair of gloves
Will    +....                   t - +1 pair of boots
Stlth   +.........              m - amulet of magic regeneration {@e2}
HPRegen 0.97/turn               a - ring of magical power
MPRegen 0.66/turn               K - ring of magical power

@: mighty, about to teleport, slowed, glowing, very slow
A: fangs 3, regeneration 1, magic shield, antimagic bite, no potion heal 2
a: Renounce Religion


You were on level 9 of the Dungeon.
You worshipped Vehumet.
Vehumet was aware of your devotion.
You visited 2 branches of the dungeon, and saw 10 of its levels.
You also visited: Sewer.

You collected 597 gold pieces.


Innate Abilities, Weirdness & Mutations

You have razor-sharp teeth.
Your natural rate of healing is unusually fast.
When hurt, damage is shared between your health and your magic reserves.
Your bite disrupts and absorbs the magic of your enemies.
Potions cannot restore your health.


   Skills:
 + Level 5.8 Fighting
 + Level 3.4 Armour
 + Level 5.7 Dodging
 - Level 2.4 Stealth
 + Level 6.9 Spellcasting
 + Level 6.6 Conjurations
 + Level 7.2 Fire Magic


You had 19 spell levels left.
You knew the following spells:

 Your Spells              Type           Power      Damage    Failure   Level
a - Foxfire               Conj/Fire      100%       2x1d9     1%          1
b - Scorch                Fire           68%        2d8       1%          2

Your spell library contained the following spells:

 Spells                   Type           Power      Damage    Failure   Level
 Sandblast                Erth           12%        2d6       13%         1
 Conjure Flame            Conj/Fire      32%        6-21      2%          3
 Flame Wave               Conj/Fire      32%        2d8       8%          4
 Inner Flame              Hex/Fire       20%        N/A       9%          3
 Fireball                 Conj/Fire      16%        3d8       21%         5
 Iskenderun's Battlesphe  Conj           31%        2d8       24%         5
 Gell's Gravitas          Tloc           6%         N/A       36%         3
 Lesser Beckoning         Tloc           6%         N/A       36%         3
 Teleport Other           Tloc           6%         N/A       36%         3
 Starburst                Conj/Fire      16%        6d6       75%         6
 Iron Shot                Conj/Erth      9%         9d3       99%         6
 Dispersal                Tloc           3%         N/A       100%        6
 Spellforged Servitor     Conj/Summ      9%         N/A       100%        7
 Ignition                 Fire           17%        3d7       100%        8

Inventory:

Hand Weapons
 J - a +0 mace of holy wrath {mace}
   (You took it off an orc priest on level 6 of the Dungeon)
 X - the +9 war axe of Eternal War (weapon) {vorpal, rF+, axe}
   (You found it on level 7 of the Dungeon)

   It inflicts extra damage upon your enemies.
   rF:        It protects you from fire.
Missiles
 b - 5 atropa-tipped darts {throwing}
 e - 18 poisoned darts {throwing}
 o - 6 javelins {throwing}
 y - a curare-tipped dart {=fthrowing}
 D - a throwing net {=f!fthrowing}
 Y - 3 boomerangs {throwing}
Armour
 t - a +1 pair of boots (worn)
   (You found it on level 2 of the Dungeon)
 w - a +1 pair of gloves (worn)
   (You found it on level 2 of the Dungeon)
 I - the +0 helmet of Fuup (worn) {Contam rN+ rCorr}
   (You found it on level 5 of the Dungeon)

   rN:        It protects you from negative energy.
   Contam:    It causes magical contamination when unequipped.
   rCorr:     It protects you from acid and corrosion.
 R - the +1 leather armour of Zollazyo (worn) {rElec rC+}
   (You found it on level 6 of the Dungeon)

   rC:        It protects you from cold.
   rElec:     It insulates you from electricity.
 W - an orb of light (worn)
   (You found it on level 7 of the Dungeon)
Jewellery
 a - a ring of magical power (left hand)
   (You found it on level 8 of the Dungeon)
 k - a ring of resist corrosion
   (You found it on level 1 of the Dungeon)
 m - an amulet of magic regeneration (around neck) {@e2}
   (You found it on level 2 of the Dungeon)
 v - a +6 ring of dexterity
   (You found it on level 8 of the Dungeon)
 K - a ring of magical power (right hand)
   (You found it on level 5 of the Dungeon)
 N - a ring of protection from cold
   (You found it on level 5 of the Dungeon)
Wands
 M - a wand of paralysis (13)
   (You found it on level 5 of the Dungeon)
 S - a wand of flame (48)
   (You found it on level 7 of the Dungeon)
 V - a wand of iceblast (14)
   (You found it on level 7 of the Dungeon)
 Z - a wand of digging (6)
   (You took it off a gnoll shaman on level 7 of the Dungeon)
Scrolls
 c - a scroll of holy word
 d - 5 scrolls of teleportation {@r4}
 g - 2 scrolls of enchant armour {unknown}
 h - 2 scrolls of enchant weapon {unknown}
 j - 3 scrolls of noise {!r}
 n - 2 scrolls of acquirement {unknown}
 p - a scroll of identify {@r1}
 q - 3 scrolls of fog
 E - 2 scrolls of magic mapping {!r}
 F - a scroll of torment {unknown}
 L - a scroll of immolation {unknown}
 P - a scroll of fear {unknown}
 Q - a scroll of silence {unknown}
 U - 2 scrolls of amnesia {unknown}
Potions
 i - 3 potions of lignification {unknown}
 l - 2 potions of heal wounds {@q2}
 r - 2 potions of curing {unknown}
 s - a potion of resistance {unknown}
 u - 3 potions of haste {@q3}
 x - a potion of experience {unknown}
 A - a potion of mutation {unknown}
 B - 3 potions of brilliance
 C - a potion of invisibility {unknown}
 G - a potion of attraction {unknown}
 H - a potion of cancellation {unknown}
 O - a potion of magic {unknown}

Dungeon Overview and Level Annotations

Branches:
Dungeon (9/15)             Temple (1/1) D:7           Sewer (visited)
   Lair: D:8-11         Orc: D:9-12

Altars:
Ashenzari
Cheibriados
Dithmenos
Elyvilon
Fedhas
Gozag
Hepliaklqana
Kikubaaqudgha
Makhleb
Nemelex Xobeh
Okawaru
Qazlal
Ru
Sif Muna
Trog
Uskayaw
Vehumet
Wu Jian
Xom
Yredelemnul

Shops:
D:3

? ....#.....#.
#.######.....#
##..#.....#
#.#.....####.#
#..#.....#
#.#.####†..#
####.....#
#.#.# ##.#
#.#.# # .#K#
#.#. #W#.#
#@#.# #.#.#
#.#.. #.###
#.. ###


You could see a freezing wraith and a kobold brigand.


Message History

You are too injured to fight recklessly!
You are too injured to fight recklessly!
You are too injured to fight recklessly!
Unknown command. 😮 HP[+1] 😕 HP[+1] MP[+1] 😕 HP[+1] MP[+1]
Casting: Scorch (safe; 1% risk of failure)
Confirm with . or Enter, or press ? or * to list all spells.
Flames lash the freezing wraith.
The freezing wraith is burned terribly!
The freezing wraith hits you but does no damage. x2 😕 HP[+1] MP[-2]
You lost 2 mp, and now have 19/39 mp.
Casting: Scorch (safe; 1% risk of failure)
Confirm with . or Enter, or press ? or * to list all spells.
Flames lash the kobold brigand.
The kobold brigand's fire resistance burns away.
The freezing wraith hits you. The freezing wraith freezes you! You resist.
The freezing wraith closely misses you. 😮 HP[-9] MP[-4]
You take 9 damage, and now have 33/53 hp.
You lost 4 mp, and now have 15/39 mp.
Casting: Scorch (safe; 1% risk of failure)
Confirm with . or Enter, or press ? or * to list all spells.
Flames lash the freezing wraith but do no damage.
The freezing wraith hits you but does no damage.
The freezing wraith hits you! The freezing wraith drains your vigour!
You feel yourself slow down. 😮 HP[-4] MP[-3]
You take 4 damage, and now have 29/53 hp.
You lost 3 mp, and now have 12/39 mp.
The freezing wraith barely misses you. x2 😮 HP[+1] MP[+1] 😮 HP[+2] MP[+1]
You regained 2 hp, and now have 32/53 hp.
The kobold brigand is no longer more vulnerable to fire.
The freezing wraith hits you. The freezing wraith freezes you. You resist.
* * * LOW HITPOINT WARNING * * *
The freezing wraith hits you.
* * * LOW HITPOINT WARNING * * *
The freezing wraith drains your vigour!
You feel as though you will be slow longer. 😨 HP[-12] MP[-4]
You take 12 damage, and now have 20/53 hp.
MASSIVE DAMAGE!! (PAUSE)
You lost 4 mp, and now have 10/39 mp.
You feel very mighty all of a sudden. The freezing wraith closely misses you.
The freezing wraith hits you.
* * * LOW HITPOINT WARNING * * *
😨 HP[+1]
You barely miss the freezing wraith. You bite the freezing wraith.
You drain its power.
You feel invigorated.
The freezing wraith hits you but does no damage.
The freezing wraith closely misses you. x2; The freezing wraith hits you!
* * * LOW HITPOINT WARNING * * *
The freezing wraith drains your vigour!
You feel as though you will be slow longer.
The freezing wraith completely misses you.
The freezing wraith misses you. 😨 HP[-4]
You take 4 damage, and now have 17/53 hp.
You hit the freezing wraith. Your bite misses the freezing wraith.
The freezing wraith is no longer more vulnerable to fire.
The freezing wraith hits you.
* * * LOW HITPOINT WARNING * * *
The freezing wraith freezes you! You resist.
* * * LOW HITPOINT WARNING * * *
The freezing wraith hits you.
* * * LOW HITPOINT WARNING * * *
The freezing wraith drains your vigour!
You feel as though you will be slow longer.
The freezing wraith hits you but does no damage.
The freezing wraith hits you!
* * * LOW HITPOINT WARNING * * *
The freezing wraith drains your vigour!
You feel as though you will be slow longer. 😱 HP[-11] MP[-6]
You take 11 damage, and now have 6/53 hp.
MASSIVE DAMAGE!! (PAUSE)
You lost 6 mp, and now have 4/39 mp.
Blink to where?
Press: ? - help, Q - select action, (/) - cycle Dir - move target
As you read the scroll of blinking {!r}, it crumbles to dust. 😱 HP[+2] MP[+1]
You regained 2 hp, and now have 8/53 hp.
As you read the scroll of teleportation {@r4}, it crumbles to dust.
You feel strangely unstable. 😱 HP[+1] MP[+1]
Aiming: Throw Flame
Press: ? - help, Q - select action, (/) - cycle Shift-Dir - straight line, f - kobold brigand
Aim: a kobold brigand, wielding a +0 short sword and quivering poisoned darts (moderately wounded, haloed, 74% to hit)
The puff of flame hits the freezing wraith but does no damage.
The freezing wraith closely misses you.
The freezing wraith hits you but does no damage. 😱 HP[+2] MP[+1]
You regained 2 hp, and now have 11/53 hp.
The freezing wraith hits you!
* * * LOW HITPOINT WARNING * * *
The freezing wraith freezes you! You resist.
You die...

Skill      XL: |  1  2  3  4  5  6  7  8  9 10 |
---------------+-------------------------------+-----
Fighting       | 1 2 3 4 5 |  5.8
Dodging        | 2 3 4 5 |  5.7
Conjurations   | 2 3 4 5 6 |  6.6
Spellcasting   | 3 4 5 6 |  6.9
Fire Magic     | 4 5 6 7 |  7.2
Armour         | 2 3 |  3.4
Stealth        | |  2.4

Action                   |  1- 3 |  4- 6 |  7- 9 | 10-12 || total
-------------------------+-------+-------+-------+-------++-------
Melee: Dagger            |    40 |    12 |       |       ||    52
       Unarmed           |     4 |       |       |       ||     4
       Bite              |     9 |     2 |       |     1 ||    12
       War axe           |       |       |       |     2 ||     2
 Cast: Foxfire           |    85 |    16 |     4 |     3 ||   108
       Scorch            |       |    88 |   158 |    93 ||   339
Evoke: Wand              |       |       |       |     1 ||     1
  Use: Potion            |       |     1 |       |     1 ||     2
       Scroll            |       |     4 |     3 |     3 ||    10
Armor: Robe              |    15 |    25 |     7 |       ||    47
       Leather armour    |       |       |    30 |    29 ||    59
Dodge: Dodged            |    56 |    45 |    81 |    85 ||   267

Levels and vault maps discovered:
D:1:      giann_wishing_wells, layout_basic, chequers_mini_garden,
          kennysheep_decorative_pillar, patterned_corridor
D:2:      layout_rooms, shapermc_ecumenical_altar_hornbeckon, minmay_bisected,
          uniq_terence
D:3:      layout_rooms, mainiacjoe_overflow_alcove_4,
          mainiacjoe_overflow_alcove_2, serial_shops,
          nicolae_shop_window_shopping
D:4:      layout_cave_pools, pdpol_wu_jian_five_deadly_venoms,
          gup_sewer_entry_glass, uniq_natasha, uniq_menkaure
D:5:      layout_cave_pools, lemuel_tele_altar, grunt_ministairs_5,
          saegor_snake_ambush, uniq_sigmund
D:6:      layout_rooms, general_overflow_altar, lemuel_coloured_pillars_altar,
          grunt_decor_arrowhead
D:7:      hangedman_cross_stitches, layout_basic, temple_doors_e, uniq_maggie
D:8:      layout_basic, kennysheep_mini
D:9:      minmay_distorted_concentric_squares, layout_grid_maze, serial_rivers,
          chequers_serial_rivers_large_b, chequers_serial_rivers_micro_e,
          chequers_serial_rivers_room_b, chequers_serial_rivers_small_a,
          minmay_misc_feat_square
Temple:   cyrus_circular_temple

Notes
Turn   | Place    | Note
-------+----------+-------------------------------------------
     0 | D:1      | mcwallace the Vine Stalker Fire Elementalist began the
                  | quest for the Orb.
     0 | D:1      | Reached XP level 1. HP: 9/9 MP: 4/4
     0 | D:1      | magus.rc [v1.9.6]
   410 | D:1      | Reached XP level 2. HP: 14/14 MP: 1/6
  1965 | D:2      | Reached XP level 3. HP: 17/17 MP: 5/7
  2085 | D:2      | Reached skill level 1 in Fighting
  2085 | D:2      | Reached skill level 2 in Dodging
  2205 | D:2      | Noticed Terence
  2220 | D:2      | HP: 1/18 [Terence (6)]
  2799 | D:3      | Learned a level 2 spell: Scorch
  2884 | D:3      | Found Egrab's Magic Scroll Shoppe.
  2906 | D:3      | Gained mutation: Your natural rate of healing is unusually
                  | fast. [Vine Stalker growth]
  2906 | D:3      | Reached XP level 4. HP: 22/22 MP: 7/9
  3015 | D:3      | You pick up a book of Power and begin reading...
  3015 | D:3      | You add the spells Iskenderun's Battlesphere, Iron Shot and
                  | Spellforged Servitor to your library.
  3070 | D:3      | Found a sparkling altar of Nemelex Xobeh.
  3106 | D:3      | Found an iron altar of Okawaru.
  3256 | D:2      | Killed Terence
  3257 | D:2      | Reached skill level 2 in Conjurations
  3519 | D:2      | Found a faded altar of an unknown god.
  3598 | D:4      | Reached skill level 3 in Spellcasting
  3598 | D:4      | Reached XP level 5. HP: 25/25 MP: 6/10
  3709 | D:4      | Found a glowing drain.
  3776 | D:3      | Reached skill level 2 in Fighting
  3788 | D:3      | Reached XP level 6. HP: 23/30 MP: 0/11
  3822 | Sewer    | Entered a sewer
  3903 | Sewer    | Reached skill level 4 in Fire Magic
  4367 | D:4      | Noticed Natasha
  4374 | D:4      | Killed Natasha
  4418 | D:4      | Reached skill level 3 in Dodging
  4418 | D:4      | Reached skill level 3 in Conjurations
  4418 | D:4      | Reached XP level 7. HP: 35/35 MP: 7/13
  4436 | D:4      | Noticed Menkaure
  4441 | D:4      | Killed Menkaure
  4442 | D:4      | Reached skill level 4 in Spellcasting
  4532 | D:4      | Noticed Natasha
  4536 | D:4      | Killed Natasha
  4609 | D:4      | Found an ornate altar of the Wu Jian Council.
  4624 | D:4      | Noticed Natasha
  4630 | D:4      | Killed Natasha
  4669 | D:5      | Entered Level 5 of the Dungeon
  4688 | D:4      | Reached skill level 3 in Fighting
  4739 | D:5      | Identified the +0 helmet of Fuup {Contam rN+ rCorr}
  4783 | D:5      | Noticed Sigmund
  4798 | D:5      | Gained mutation: You have razor-sharp teeth. [Vine Stalker
                  | growth]
  4798 | D:5      | Reached XP level 8. HP: 33/40 MP: 5/15
  4858 | D:5      | Killed Sigmund
  4859 | D:5      | Reached skill level 4 in Conjurations
  4859 | D:5      | Reached skill level 5 in Fire Magic
  5030 | D:5      | Found a shimmering altar of Xom.
  5148 | D:5      | Reached skill level 4 in Dodging
  5494 | D:6      | Reached skill level 5 in Spellcasting
  5541 | D:6      | Reached skill level 4 in Fighting
  5692 | D:6      | Found a sacrificial altar of Ru.
  5826 | D:6      | Identified the +1 leather armour of Zollazyo {rElec rC+}
  5898 | D:7      | Reached XP level 9. HP: 40/46 MP: 8/18
  5968 | D:7      | Reached skill level 5 in Conjurations
  5987 | D:6      | Reached skill level 1 in Armour
  6052 | D:6      | You add the spells Gell's Gravitas, Teleport Other and
                  | Dispersal to your library.
  6141 | D:6      | You pick up a book of Displacement and begin reading...
  6215 | D:6      | Found a stormy altar of Qazlal.
  6412 | D:7      | Noticed Maggie
  6420 | D:7      | HP: 5/46 [Maggie/bolt of fire (21)]
  6423 | D:7      | Killed Maggie
  6424 | D:7      | Reached skill level 6 in Fire Magic
  6639 | D:7      | Identified the +9 war axe of Eternal War {vorpal, rF+}
  6710 | D:7      | Noticed a hornet
  6713 | D:7      | Killed a hornet
  6714 | D:7      | Reached skill level 5 in Fighting
  6714 | D:7      | Reached skill level 2 in Armour
  6714 | D:7      | Reached skill level 6 in Spellcasting
  6717 | D:7      | Reached skill level 5 in Dodging
  6832 | D:7      | Found a staircase to the Ecumenical Temple.
  6852 | Temple   | Entered the Ecumenical Temple
  6916 | Temple   | Became a worshipper of Vehumet
  6974 | D:7      | Reached XP level 10. HP: 51/51 MP: 20/20
  7026 | D:7      | Reached skill level 6 in Conjurations
  7595 | D:7      | Reached skill level 3 in Armour
  7652 | D:7      | Reached skill level 7 in Fire Magic
  7810 | D:8      | You pick up a book of Fire and begin reading...
  7810 | D:8      | You add the spells Fireball, Starburst and Ignition to your
                  | library.
  7965 | D:8      | Found a shimmering blue altar of Sif Muna.
  8399 | D:9      | Reached * piety under Vehumet
  8399 | D:9      | Offered knowledge of Sandblast by Vehumet.
  8511 | D:9      | HP: 12/53 [freezing wraith (5)]
  8515 | D:9      | HP: 5/53 [freezing wraith (7)]
  8515 | D:9      | Slain by a freezing wraith

Vanquished Creatures
  Maggie (D:7)
  A hornet (D:7)
  Sigmund (D:5)
  5 yaks (D:7)
  2 steam dragons (D:7)
  A vampire mosquito (D:9)
  Menkaure (D:4)
  2 water moccasins (D:9)
  An orc warrior (D:7)
  A sky beast (D:6)
  2 necrophages (D:7)
  2 black bears
  2 ogres
  2 centaurs (D:6)
  2 phantoms
  2 kobold brigands
  A wyvern zombie (D:8)
  A water moccasin zombie (D:7)
  2 scorpions
  9 killer bees
  4 wights
  8 howler monkeys
  A bullfrog zombie (D:5)
  4 orc priests
  2 centaur skeletons (D:7)
  2 hounds
  2 jellies
  A gnoll shaman (D:7)
  An iguana (D:4)
  Terence (D:2)
  Natasha (thrice) (D:4)
  4 orc wizards
  A killer bee zombie (D:8)
  2 hound zombies (D:5)
  4 gnolls (D:4)
  11 adders
  A shadow imp (D:6)
  A white imp (D:7)
  An ufetubus (D:6)
  A worm (D:2)
  2 dart slugs
  15 orcs
  8 bats
  7 endoplasms
  8 giant cockroaches
  8 goblins
  6 hobgoblins
  3 jackals (D:3)
  4 quokkas
  10 ball pythons
  4 frilled lizards
  20 kobolds
  4 rats
195 creatures vanquished.

Vanquished Creatures (others)
  156 foxfires
  2 plants
158 creatures vanquished.

Grand Total: 353 creatures vanquished

Table legend:
 A = Non-vault XP
 B = Vault XP
 C = Vault XP percentage of total XP
 D = Non-vault monster count
 E = Vault monster count
 F = Vault count percentage of total count
                 A         B        C        D         E       F
            +---------+---------+-------+---------+---------+-------
      Total |    5028 |    2337 |  31.7 |     137 |      58 |  29.7
            +---------+---------+-------+---------+---------+-------
        D:1 |      33 |       0 |   0.0 |      21 |       0 |   0.0
        D:2 |      30 |      48 |  61.5 |      12 |       5 |  29.4
        D:3 |      28 |      53 |  65.4 |      15 |       4 |  21.1
        D:4 |     483 |     204 |  29.7 |      22 |       4 |  15.4
        D:5 |     458 |     321 |  41.2 |       9 |       6 |  40.0
        D:6 |     697 |       0 |   0.0 |      14 |       0 |   0.0
        D:7 |    2489 |    1399 |  36.0 |      32 |      13 |  28.9
        D:8 |     262 |       0 |   0.0 |       6 |       0 |   0.0
        D:9 |     548 |     177 |  24.4 |       6 |       1 |  14.3
      Sewer |       0 |     135 | 100.0 |       0 |      25 | 100.0
            +---------+---------+-------+---------+---------+-------

Illustrated notes

Table legend:
 A = Kills in this place as a percentage of kills in entire the game.
 B = Kills by you in this place as a percentage of kills by you in the entire game.
 C = Kills by friends in this place as a percentage of kills by friends in the entire game.
 D = Other kills in this place as a percentage of other kills in the entire game.
 E = Experience gained in this place as a percentage of experience gained in the entire game.
 F = Experience gained in this place divided by the number of levels of this place that you have seen.
                   A       B       C       D       E      F
               +-------+-------+-------+-------+-------+----------------------
         Total | 100.0 | 100.0 |   N/A |   N/A | 100.0 | 669.5
       Dungeon |  87.2 |  87.2 |   N/A |   N/A |  98.2 | 803.3
         Sewer |  12.8 |  12.8 |   N/A |   N/A |   1.8 | 135.0
               +-------+-------+-------+-------+-------+----------------------

Table legend: (Time is in decaauts)
 A = Elapsed time spent in this place.
 B = Non-inter-level travel time spent in this place.
 C = Inter-level travel time spent in this place.
 D = Time resting spent in this place.
 E = Time spent auto-exploring this place.
 F = Levels seen in this place.
 G = Mean time per level.
                   A        B        C        D        E       F      G
               +--------+--------+--------+--------+--------+-----+--------+
         Total |   8600 |   8024 |    576 |    596 |   5433 |  11 |  781.8 |
       Dungeon |   8166 |   7590 |    576 |    596 |   5275 |   9 |  907.3 |
        Temple |     78 |     78 |      0 |      0 |      0 |   1 |   78.0 |
         Sewer |    355 |    355 |      0 |      0 |    158 |   1 |  355.0 |
               +--------+--------+--------+--------+--------+-----+--------+

Top non-repeatable levels by time:
     D:1: 1925 daAuts
     D:7: 1383 daAuts
     D:3: 1010 daAuts
     D:5: 827 daAuts
     D:6: 769 daAuts
     D:4: 743 daAuts
     D:2: 718 daAuts
     D:8: 509 daAuts
   Sewer: 355 daAuts
     D:9: 279 daAuts
  Temple: 78 daAuts
